3L
NEW JERSEY FENIX @ ROCKY MOUNTAIN NUGGETS
09/16/2032
 
TOP OF THE 1ST
New Jersey Fenix batting - Pitching for Rocky Mountain Nuggets : RHP Jim Sison
Pitching: RHP Jim Sison
Batting: SHB Shiki Sanu 0-0: Called Strike
0-1: Ball
1-1: Ball
2-1: Fly out, F7 (Flyball, 7)
Batting: LHB Alexis Raimbault 0-0: Called Strike
0-1: Foul Ball, location: 2F
0-2: Ball
1-2: Fly out, F8 (Flyball, 8LXD)
Batting: LHB Javier Sánchez 0-0: Ground out U3 (Groundball, 3L)
Top of the 1st over - 0 runs, 0 hits, 0 errors, 0 left on base; New Jersey 0 - Rocky Mountain 0
BOTTOM OF THE 1ST
Rocky Mountain Nuggets batting - Pitching for New Jersey Fenix : RHP Ryan Bentley
Pitching: RHP Ryan Bentley
Batting: RHB Manuel Becerra 0-0: Ball
1-0: Swinging Strike
1-1: Ball
2-1: Foul Ball, location: 2F
2-2: Foul Ball, location: 2F
2-2: Ball
3-2: Ground out 6-3 (Groundball, 6)
Batting: RHB John Burton 0-0: Ball
1-0: Ball
2-0: Called Strike
2-1: SINGLE (Groundball, 34D)
Batting: RHB Paco Muńóz 0-0: Ball
1-0: Called Strike
1-1: Foul Ball, location: 2F
1-2: DOUBLE (Flyball, 78XD)
John Burton to third
Batting: RHB Wrangler Haresnape 0-0: Ground out 1-3 (Groundball, 13S)
Batting: RHB Ed Adams 0-0: Called Strike
0-1: Ball
1-1: Fly out, F8 (Flyball, 78M)
Bottom of the 1st over - 0 runs, 2 hits, 0 errors, 2 left on base; New Jersey 0 - Rocky Mountain 0
TOP OF THE 2ND
New Jersey Fenix batting - Pitching for Rocky Mountain Nuggets : RHP Jim Sison
Batting: RHB José Carlos Pérez 0-0: Swinging Strike
0-1: Foul Ball, location: 2F
0-2: Foul Ball, location: 2F
0-2: Strikes out swinging
Batting: LHB Josh Platt 0-0: Ball
1-0: Ball
2-0: SINGLE (Line Drive, 56D)
Batting: SHB Jesús Román 0-0: Called Strike
0-1: Fly out, F6 (Line Drive, 6)
Batting: LHB Elian Gonzalez 0-0: Called Strike
0-1: Swinging Strike
0-2: Foul Ball, location: 2F
0-2: Ball
1-2: Ball
2-2: Strikes out swinging
Top of the 2nd over - 0 runs, 1 hit, 0 errors, 1 left on base; New Jersey 0 - Rocky Mountain 0
BOTTOM OF THE 2ND
Rocky Mountain Nuggets batting - Pitching for New Jersey Fenix : RHP Ryan Bentley
Batting: RHB Lúcio López 0-0: SINGLE (Line Drive, 78S)
Batting: RHB Hieu De 0-0: Called Strike
0-1: Swinging Strike
0-2: Ball
1-2: Strikes out swinging
Batting: RHB Jesús Ruano 0-0: Ball
1-0: Ball
2-0: Fly out, F6 (Popup, 6S)
Batting: LHB John Brewer 0-0: Ball
1-0: Fly out, F8 (Flyball, 89D)
Bottom of the 2nd over - 0 runs, 1 hit, 0 errors, 1 left on base; New Jersey 0 - Rocky Mountain 0
TOP OF THE 3RD
New Jersey Fenix batting - Pitching for Rocky Mountain Nuggets : RHP Jim Sison
Batting: RHB Pablo Marrero 0-0: Ball
1-0: Foul Ball, location: 2F
1-1: Foul Ball, location: 2F
1-2: Ground out 6-3 (Groundball, 6)
Batting: LHB Pedro Gutiérrez 0-0: Foul Ball, location: 2F
0-1: Fly out, F3 (Line Drive, 34)
Batting: SHB Shiki Sanu 0-0: Swinging Strike
0-1: Ball
1-1: Ball
2-1: DOUBLE (Flyball, 89D)
Batting: LHB Alexis Raimbault 0-0: Called Strike
0-1: Fly out, F9 (Line Drive, 89M)
Top of the 3rd over - 0 runs, 1 hit, 0 errors, 1 left on base; New Jersey 0 - Rocky Mountain 0
BOTTOM OF THE 3RD
Rocky Mountain Nuggets batting - Pitching for New Jersey Fenix : RHP Ryan Bentley
Batting: RHB Manuel Becerra 0-0: Ball
1-0: Ball
2-0: Called Strike
2-1: Foul Ball, location: 2F
2-2: Foul Ball, location: 2F
2-2: Ball
3-2: Foul Ball, location: 2F
3-2: SINGLE (Line Drive, 7S)
Batting: RHB John Burton 0-0: Fly out, F3 (Line Drive, 3L)
Batting: RHB Paco Muńóz 0-0: Called Strike
Manuel Becerra is caught stealing 2nd base
0-1: Called Strike
0-2: Ball
1-2: Ball
2-2: Ball
3-2: Foul Ball, location: 2F
3-2: Foul Ball, location: 2F
3-2: Fly out, F8 (Flyball, 8LM)
Bottom of the 3rd over - 0 runs, 1 hit, 0 errors, 0 left on base; New Jersey 0 - Rocky Mountain 0
TOP OF THE 4TH
New Jersey Fenix batting - Pitching for Rocky Mountain Nuggets : RHP Jim Sison
Batting: LHB Javier Sánchez 0-0: Fly out, F7 (Flyball, 78M)
Batting: RHB José Carlos Pérez 0-0: Called Strike
0-1: Ball
1-1: Swinging Strike
1-2: Fly out, F7 (Flyball, 7S)
Batting: LHB Josh Platt 0-0: Ball
1-0: Ball
2-0: Foul Ball, location: 2F
2-1: Foul Ball, location: 2F
2-2: Foul Ball, location: 2F
2-2: SINGLE (Groundball, 4D)
Batting: SHB Jesús Román 0-0: Foul Ball, location: 2F
0-1: Ball
1-1: Ground out 4-3 (Groundball, 34)
Top of the 4th over - 0 runs, 1 hit, 0 errors, 1 left on base; New Jersey 0 - Rocky Mountain 0
BOTTOM OF THE 4TH
Rocky Mountain Nuggets batting - Pitching for New Jersey Fenix : RHP Ryan Bentley
Batting: RHB Wrangler Haresnape 0-0: Ground out 4-3 (Groundball, 4)
Batting: RHB Ed Adams 0-0: Ball
1-0: Ball
2-0: Ball
3-0: Ground out 6-3 (Groundball, 6)
Batting: RHB Lúcio López 0-0: Ball
1-0: Ground out 5-3 (Groundball, 56)
Bottom of the 4th over - 0 runs, 0 hits, 0 errors, 0 left on base; New Jersey 0 - Rocky Mountain 0
TOP OF THE 5TH
New Jersey Fenix batting - Pitching for Rocky Mountain Nuggets : RHP Jim Sison
Batting: LHB Elian Gonzalez 0-0: Called Strike
0-1: Fly out, F8 (Flyball, 8RXD)
Batting: RHB Pablo Marrero 0-0: Ball
1-0: Swinging Strike
1-1: Swinging Strike
1-2: Foul Ball, location: 2F
1-2: Strikes out swinging
Batting: LHB Pedro Gutiérrez 0-0: Called Strike
0-1: Foul Ball, location: 2F
0-2: Fly out, F8 (Flyball, 8LM)
Top of the 5th over - 0 runs, 0 hits, 0 errors, 0 left on base; New Jersey 0 - Rocky Mountain 0
BOTTOM OF THE 5TH
Rocky Mountain Nuggets batting - Pitching for New Jersey Fenix : RHP Ryan Bentley
Batting: RHB Hieu De 0-0: Fly out, F9 (Flyball, 89D)
Batting: RHB Jesús Ruano 0-0: Called Strike
0-1: Ball
1-1: Called Strike
1-2: Foul Ball, location: 2F
1-2: Ground out 6-3 (Groundball, 56)
Batting: LHB John Brewer 0-0: Ball
1-0: Called Strike
1-1: Ball
2-1: Called Strike
2-2: SOLO HOME RUN (Flyball, 89XD), Distance : 428 ft
Batting: RHB Manuel Becerra 0-0: Ball
1-0: Called Strike
1-1: Ball
2-1: Foul Ball, location: 2F
2-2: SINGLE (Line Drive, 8LS)
Batting: RHB John Burton 0-0: Foul Ball, location: 2F
0-1: Ball
1-1: Called Strike
1-2: Fly out, F9 (Flyball, 9)
Bottom of the 5th over - 1 run, 2 hits, 0 errors, 1 left on base; New Jersey 0 - Rocky Mountain 1
TOP OF THE 6TH
New Jersey Fenix batting - Pitching for Rocky Mountain Nuggets : RHP Jim Sison
Now at 3B: Matt Sheppard
Batting: SHB Shiki Sanu 0-0: Foul Ball, location: 2F
0-1: Ball
1-1: Foul Ball, location: 2F
1-2: Ball
2-2: Ball
3-2: Fly out, F3 (Popup, 34)
Batting: LHB Alexis Raimbault 0-0: Called Strike
0-1: Ball
1-1: Ball
2-1: Called Strike
2-2: Ground out U3 (Groundball, 3S)
Batting: LHB Javier Sánchez 0-0: Ball
1-0: Foul Ball, location: 2F
1-1: Ball
2-1: Ball
3-1: DOUBLE (Flyball, 89XD)
Batting: RHB José Carlos Pérez 0-0: Called Strike
0-1: Called Strike
0-2: Ball
1-2: SINGLE (Flyball, 3D)
Javier Sánchez to third
Runner from 3rd tries for Home, SAFE, no throw
Batting: LHB Josh Platt 0-0: Ball
1-0: Ground out U3 (Groundball, 34S)
Top of the 6th over - 1 run, 2 hits, 0 errors, 1 left on base; New Jersey 1 - Rocky Mountain 1
BOTTOM OF THE 6TH
Rocky Mountain Nuggets batting - Pitching for New Jersey Fenix : RHP Ryan Bentley
Batting: RHB Paco Muńóz 0-0: SINGLE (Groundball, 56D)
Batting: RHB Wrangler Haresnape 0-0: Called Strike
0-1: DOUBLE (Line Drive, 7LD)
Paco Muńóz to third
Runner from 3rd tries for Home, throw and OUT!
Batting: RHB Ed Adams 0-0: Called Strike
0-1: Ground out 5-3 (Groundball, 56)
Batting: RHB Lúcio López 0-0: Swinging Strike
0-1: Swinging Strike
0-2: Foul Ball, location: 2F
0-2: Foul Ball, location: 2F
0-2: Ball
1-2: Fly out, F8 (Line Drive, 8RM)
Bottom of the 6th over - 0 runs, 2 hits, 0 errors, 1 left on base; New Jersey 1 - Rocky Mountain 1
TOP OF THE 7TH
New Jersey Fenix batting - Pitching for Rocky Mountain Nuggets : RHP Jim Sison
Batting: SHB Jesús Román 0-0: Foul Ball, location: 2F
0-1: Foul Ball, location: 2F
0-2: SINGLE (Line Drive, 56D)
Batting: LHB Elian Gonzalez 0-0: Ball
1-0: Bunted foul
1-1: Ball
2-1: Sac Bunt - play at first, batter OUT! 3-4
Jesús Román to second
Batting: RHB Pablo Marrero 0-0: Called Strike
0-1: Ball
1-1: Swinging Strike
1-2: Ball
2-2: Foul Ball, location: 2F
2-2: SINGLE (Groundball, 25) (infield hit)
Jesús Román to third
Pitching: LHP Magnus Scheving
Pinch Hitting: RHB Takashi Miike 0-0: Called Strike
0-1: Foul Ball, location: 2F
0-2: Ball
1-2: Ball
2-2: Ball
3-2: Fly out, F7 (Flyball, 7D)
Runner from 3rd tags up, SCORES, throw made
Batting: SHB Shiki Sanu 0-0: Ball
1-0: Ground out 4-3 (Groundball, 4)
Top of the 7th over - 1 run, 2 hits, 0 errors, 1 left on base; New Jersey 2 - Rocky Mountain 1
BOTTOM OF THE 7TH
Rocky Mountain Nuggets batting - Pitching for New Jersey Fenix : RHP Ryan Bentley
Now in RF: Takashi Miike
Batting: RHB Hieu De 0-0: Called Strike
0-1: Called Strike
0-2: Ball
1-2: Ball
2-2: Strikes out swinging
Batting: RHB Jesús Ruano 0-0: Fly out, F8 (Flyball, 8RM)
Batting: LHB John Brewer 0-0: Foul Ball, location: 2F
0-1: Foul Ball, location: 2F
0-2: Ball
1-2: Ball
2-2: Ball
3-2: Foul Ball, location: 2F
3-2: Fly out, F3 (Popup, 3L)
Bottom of the 7th over - 0 runs, 0 hits, 0 errors, 0 left on base; New Jersey 2 - Rocky Mountain 1
TOP OF THE 8TH
New Jersey Fenix batting - Pitching for Rocky Mountain Nuggets : LHP Magnus Scheving
Batting: LHB Alexis Raimbault 0-0: Called Strike
0-1: Ball
1-1: Swinging Strike
1-2: Ball
2-2: Foul Ball, location: 2F
2-2: Foul Ball, location: 2F
2-2: Ball
3-2: Foul Ball, location: 2F
3-2: Strikes out swinging
Batting: LHB Javier Sánchez 0-0: Foul Ball, location: 2F
0-1: Foul Ball, location: 2F
0-2: SINGLE (Flyball, 89M)
Pitching: RHP Jon King
Batting: RHB José Carlos Pérez 0-0: Called Strike
0-1: Ball
1-1: Called Strike
1-2: Strikes out looking
Batting: LHB Josh Platt 0-0: Reached on error, E3 (Groundball, 3)
Javier Sánchez to second
Pinch Hitting: LHB Bartolo Benítez 0-0: Ball
1-0: Ball
2-0: Foul Ball, location: 2F
2-1: Ball
3-1: DOUBLE (Flyball, 8LXD)
Javier Sánchez scores
Josh Platt to third
Batting: LHB Elian Gonzalez 0-0: Ball
1-0: Ball
2-0: Ball
3-0: Base on Balls
Batting: RHB Pablo Marrero 0-0: SINGLE (Line Drive, 78S)
Josh Platt scores
Bartolo Benítez to third
Elian Gonzalez to second
Runner from 3rd tries for Home, SAFE, no throw
Batting: RHB Takashi Miike 0-0: Swinging Strike
0-1: Foul Ball, location: 2F
0-2: Ball
1-2: Ball
2-2: SINGLE (Flyball, 8RS)
Elian Gonzalez to third
Pablo Marrero to second
Runner from 3rd tries for Home, SAFE, no throw
Batting: SHB Shiki Sanu 0-0: Called Strike
0-1: Ball
1-1: Ball
2-1: Called Strike
2-2: Ball
3-2: Foul Ball, location: 2F
3-2: Base on Balls
Pablo Marrero to third
Takashi Miike to second
Batting: LHB Alexis Raimbault 0-0: Ball
1-0: Called Strike
1-1: Ball
2-1: SINGLE (Groundball, 34D)
Pablo Marrero scores
Takashi Miike to third
Shiki Sanu to second
Throwing error, E9
Takashi Miike scores
Shiki Sanu to third
Alexis Raimbault to second
Pitching: RHP Raúl Areola
Batting: LHB Javier Sánchez 0-0: Called Strike
0-1: Ball
1-1: Ball
2-1: Ball
3-1: Base on Balls
Batting: RHB José Carlos Pérez 0-0: Fly out, F9 (Flyball, 9S)
Top of the 8th over - 6 runs, 5 hits, 2 errors, 3 left on base; New Jersey 8 - Rocky Mountain 1
BOTTOM OF THE 8TH
Rocky Mountain Nuggets batting - Pitching for New Jersey Fenix : RHP Ryan Bentley
Now in CF: Sixto Estrada
Batting: RHB Matt Sheppard 0-0: Ball
1-0: Called Strike
1-1: Ball
2-1: SINGLE (Groundball, 34D)
Pitching: LHP Adrian Neumann
Batting: RHB John Burton 0-0: Called Strike
0-1: Ball
1-1: Ball
2-1: Swinging Strike
2-2: Grounds into double play, 1-6-3 (Groundball, 13S)
Batting: RHB Paco Muńóz 0-0: Called Strike
0-1: Ball
1-1: Ball
2-1: Ground out 5-3 (Groundball, 56)
Bottom of the 8th over - 0 runs, 1 hit, 0 errors, 0 left on base; New Jersey 8 - Rocky Mountain 1
TOP OF THE 9TH
New Jersey Fenix batting - Pitching for Rocky Mountain Nuggets : RHP Raúl Areola
Pitching: RHP Tsugahara Hori
Batting: LHB Josh Platt 0-0: Ball
1-0: Foul Ball, location: 2F
1-1: Fly out, F8 (Flyball, 8RS)
Batting: RHB Sixto Estrada 0-0: Ball
1-0: Foul Ball, location: 2F
1-1: Ground out 6-3 (Groundball, 6)
Batting: LHB Elian Gonzalez 0-0: Foul Ball, location: 2F
0-1: Ball
1-1: Ball
2-1: Swinging Strike
2-2: Strikes out swinging
Top of the 9th over - 0 runs, 0 hits, 0 errors, 0 left on base; New Jersey 8 - Rocky Mountain 1
BOTTOM OF THE 9TH
Rocky Mountain Nuggets batting - Pitching for New Jersey Fenix : LHP Adrian Neumann
Batting: RHB Wrangler Haresnape 0-0: Foul Ball, location: 2F
0-1: Ball
1-1: Called Strike
1-2: Ground out 4-3 (Groundball, 4S)
Batting: RHB Ed Adams 0-0: Fly out, F8 (Flyball, 8RXD)
Batting: RHB Lúcio López 0-0: SINGLE (Groundball, 2R) (infield hit)
Batting: RHB Hieu De 0-0: Swinging Strike
0-1: Ball
1-1: Called Strike
1-2: Ball
2-2: Ball
3-2: Base on Balls
Lúcio López to second
Batting: RHB Jesús Ruano 0-0: Fly out, F7 (Flyball, 7LS)
Bottom of the 9th over - 0 runs, 1 hit, 0 errors, 2 left on base; New Jersey 8 - Rocky Mountain 1
Wednesday, September 19th, 2018 - OOTP Baseball 18.8 Build 76